 Dungeon Crawl Stone Soup version 0.32-a0-791-gfc315c9ecd (webtiles) character file.

Game seed: 1555887890561236994

107 hikkokomori the Chopper (level 4, -3/39 HPs)
             Began as a Mountain Dwarf Wanderer on Mar 21, 2024.
             Slain by Menkaure (15 damage)
             ... on level 6 of the Dungeon.
             The game lasted 00:05:45 (3178 turns).

hikkokomori the Chopper (Mountain Dwarf Wanderer)   Turns: 3178, Time: 00:05:45

Health: -3/39      AC:  7    Str: 23    XL:     4   Next: 57%
Magic:  5/5        EV:  8    Int: 12    God:
Gold:   153        SH:  4    Dex:  9    Spells: 3/3 levels left

rFire   . . .        k - +0 hammer (protect)
rCold   . . .        c - +0 buckler
rNeg    . . .        p - +1 scale mail
rPois   .            (no helmet)
rElec   .            (no cloak)
rCorr   .            (no gloves)
SInv    .            (no boots)
Will    .....        (no amulet) Stlth
                     n - +6 ring of strength
HPRegen 0.26/turn    (no ring)
MPRegen 0.09/turn

%: no passive effects
@: weak-willed
A: runic magic, artefact enchanting
a: no special abilities


You were on level 6 of the Dungeon.
You visited 1 branch of the dungeon, and saw 4 of its levels.

You collected 153 gold pieces.

Inventory:

Hand Weapons
 a - a +2 hand axe
 b - a +0 mace
 k - a +0 hammer of protection (weapon)
Armour
 c - a +0 buckler (worn)
 e - a +0 leather armour
 i - a +0 robe of willpower
 m - a +0 kite shield
 p - a +1 scale mail (worn)
Jewellery
 n - a +6 ring of strength (left hand)
Scrolls
 d - 2 scrolls of teleportation
 g - a scroll of vulnerability
Potions
 f - a potion of enlightenment {unknown}
 j - a potion of degeneration {unknown}
 q - a potion of curing
 r - a potion of resistance {unknown}


   Skills:
 + Level 3.6 Fighting
 + Level 4.8(4.9) Axes
 - Level 1.2(3.2) Maces & Flails
 + Level 3.4 Shields
 - Level 2.4 Invocations


You had 3 spell levels left.
You didn't know any spells.
Your spell library contained the following spells:

 Spells                   Type           Power      Damage    Failure   Level
 Iskenderun's Mystic Bla  Conj/Tloc      0%         2d3       99%         4
 Martyr's Knell           Necr/Summ      0%         N/A       99%         4
 Dispersal                Tloc           0%         N/A       100%        6


Dungeon Overview and Level Annotations

Branches:
Dungeon (6/15)
 Temple: D:4-7

Altars:
Nemelex Xobeh

Annotations:
D:2 1 runed translucent door, Crazy Yiuf
D:6 Menkaure


Innate Abilities, Weirdness & Mutations

Your spellcasting is much less encumbered by armour.
You can use scrolls of enchantment on lesser artefacts.


Message History

No target in view!
No target in view!
No target in view!
No target in view!
No target in view!
No target in view!
No target in view!
No target in view!
No target in view!
A malevolent force fills the Dungeon...
You fall into a shaft and drop 3 floors!
The shaft crumbles and collapses.
You hear the hiss of flowing sand.
There is an entrance to an ossuary on this level.
Hurry and find it before the portal is buried!
As you read the scroll labelled TIOMIL SIR NUISUNN, it crumbles to dust.
A wave of despondency washes over your surroundings.
It was a scroll of vulnerability.
As you read the scroll labelled ITIABE GAUDY, it crumbles to dust.
It is a scroll of enchant armour.
Your +0 scale mail glows green for a moment.
As you read the scroll labelled SUFFO GIOT, it crumbles to dust.
It is a scroll of amnesia.
You feel forgetful for a moment.
As you read the scroll labelled XIWOOKL IGAPAA, it crumbles to dust.
It is a scroll of identify.
q - a potion of curing
As you read the scroll labelled WOPEUGH TOEBY, it crumbles to dust.
You feel aware of your surroundings.
You sensed 1 altar, and 1 shop/portal.
It was a scroll of revelation.
Found a ring mail.
Menkaure, Prince of Dust comes into view.
Menkaure shouts!
Menkaure casts a spell.
Menkaure seems to speed up.
Okay, then.
Menkaure hits you!!
You barely miss Menkaure.
Menkaure calls on the powers of darkness!
Your body is wracked with pain!
Menkaure hits you!
You die...

,,* *,* ,,* *,* ,,*
*,* ,,* *,*
#######.######
........######
###################
####...........M..#
####.###########@#*
####.#...........#
####.#.###########
.###.#.#......,,,*
.###.#.#.#####**,*
.###.#.#.#....**,*
.###.#.#.#.##.**,*
.###.#.#.#.##.**,*
.###.#.#....#.**,*


You could see Menkaure (fast).

Vanquished Creatures
  4 adders
  A dart slug (D:1)
  4 ribbon worms
  An orc (D:3)
  7 bats
  6 endoplasms
  2 giant cockroaches (D:3)
  3 goblins
  5 hobgoblins
  4 quokkas
  5 ball pythons
  6 frilled lizards
  3 kobolds
  11 rats
62 creatures vanquished.

Notes
Turn   | Place    | Note
-------+----------+-------------------------------------------
     0 | D:1      | hikkokomori the Mountain Dwarf Wanderer began the quest for
                  | the Orb.
     0 | D:1      | hikkokomori set off with the following items: a +2 hand
                  | axe, a +0 mace, a +0 buckler, a scroll of teleportation, a
                  | +0 leather armour.
     0 | D:1      | Reached XP level 1. HP: 17/17 MP: 2/2
   185 | D:1      | Reached XP level 2. HP: 19/25 MP: 3/3
   318 | D:1      | Reached skill level 4 in Axes
  1134 | D:2      | Reached XP level 3. HP: 14/30 MP: 4/4
  1273 | D:2      | Found a runed translucent door.
  1274 | D:2      | Noticed Crazy Yiuf
  1424 | D:3      | Got the Parchment of the Parallel Legion
  1744 | D:3      | Found a faded altar of an unknown god.
  2030 | D:3      | Found a sparkling altar of Nemelex Xobeh.
  2309 | D:2      | Reached XP level 4. HP: 38/38 MP: 5/5
  3159 | D:3      | You fall into a shaft and drop 3 floors!
  3176 | D:6      | Noticed Menkaure
  3178 | D:6      | Slain by Menkaure

Illustrated notes

Levels and vault maps discovered:
D:1:      evilmike_arrival_fibonacci_small, layout_basic
D:2:      layout_basic, serial_forest, infiniplex_forest_clump_diagonal,
          infiniplex_forest_corner_1, infiniplex_forest_split,
          infiniplex_forest_clump_C, infiniplex_forest_clump_double,
          uniq_crazy_yiuf_cottage
D:3:      wander_river, layout_loops_ring, nemelex_dance_club_becter,
          shapermc_ecumenical_altar_mp_highgroup
D:6:      layout_basic, grunt_gozag_statues, enter_ossuary_4, uniq_eustachio,
          uniq_menkaure

Skill      XL: |  1  2  3 |
---------------+----------+-----
Axes           | 4 |  4.8
Fighting       | 3 |  3.6
Shields        | 3 |  3.4
Maces & Flails | |  1.2
Invocations    | |  2.4

Action                     |  1- 3 |  4- 6 || total
---------------------------+-------+-------++-------
  Melee: Hand axe          |    78 |       ||    78
         Mace              |    79 |    82 ||   161
    Use: Scroll            |       |     5 ||     5
 Armour: Leather armour    |    80 |       ||    80
         Scale mail        |    24 |   102 ||   126
  Dodge: Dodged            |    65 |    67 ||   132
  Block: Buckler           |    29 |    22 ||    51

Table legend: (Time is in decaauts)
 A = Elapsed time spent in this place.
 B = Non-inter-level travel time spent in this place.
 C = Inter-level travel time spent in this place.
 D = Time resting spent in this place.
 E = Time spent auto-exploring this place.
 F = Levels seen in this place.
 G = Mean time per level.
                   A        B        C        D        E       F      G
               +--------+--------+--------+--------+--------+-----+--------+
         Total |   3249 |   3123 |    126 |    213 |   2280 |   4 |  812.2 |
       Dungeon |   3249 |   3123 |    126 |    213 |   2280 |   4 |  812.2 |
               +--------+--------+--------+--------+--------+-----+--------+

Top non-repeatable levels by time:
     D:2: 1391 daAuts
     D:1: 990 daAuts
     D:3: 849 daAuts
     D:6: 18 daAuts
